 Dungeon Crawl Stone Soup version 0.31.0-32-g396128a36d (webtiles) character file.

Game seed: 6923173405188958068

3228 spaghetti the Carver (level 9, -15/73 HPs)
             Began as a Deep Elf Berserker on Mar 22, 2024.
             Was a Priest of Trog.
             Demolished by an orc warlord
             ... wielding a +5 broad axe
              (21 damage)
             ... in a bailey.
             The game lasted 00:07:31 (6927 turns).

spaghetti the Carver (Deep Elf Berserker)           Turns: 6927, Time: 00:07:32

Health: -15/73     AC:  4    Str: 13    XL:     9   Next: 66%
Magic:  11/11      EV: 13    Int: 17    God:    Trog [***...]
Gold:   190        SH:  0    Dex: 17    Spells: 8/8 levels left

rFire   . . .        l - +7 short sword (speed)
rCold   . . .        x - orb {guile}
rNeg    . . .        b - +0 animal skin
rPois   .            (no helmet)
rElec   .            n - +1 cloak
rCorr   .            (no gloves)
SInv    .            (no boots)
Will    .....        r - amulet of the acrobat Stlth
                     c - ring of willpower
HPRegen 0.32/turn    (no ring)
MPRegen 0.12/turn

%: acrobat
@: mighty, berserking (expiring), enlightened, flying, very quick
A: clever 1
a: Renounce Religion, Berserk, Trog's Hand


You were in a bailey.
You worshipped Trog.
Trog was most pleased with you.
You visited 1 branch of the dungeon, and saw 7 of its levels.
You also visited: Bailey.

You collected 515 gold pieces.
You spent 325 gold pieces at shops.

Inventory:

Hand Weapons
 a - a +0 falchion of protection
 l - a +7 short sword of speed (weapon)
Armour
 b - a +0 animal skin (worn)
 n - a +1 cloak (worn)
 x - an orb of guile (worn)
Jewellery
 c - a ring of willpower (left hand)
 r - an amulet of the acrobat (around neck)
Wands
 j - a wand of quicksilver (9)
 u - a wand of mindburst (8)
Scrolls
 e - 5 scrolls of teleportation
 f - 5 scrolls of fog
 g - 2 scrolls of fear
 h - a scroll of summoning {unknown}
 i - 2 scrolls of revelation
 m - 2 scrolls of identify
 o - a scroll of torment
 q - a scroll of blinking
 v - a scroll of vulnerability {unknown}
Potions
 d - 2 potions of curing
 k - 3 potions of heal wounds
 t - a potion of resistance
 w - 3 potions of magic


   Skills:
 - Level 2.4 Fighting
 + Level 12.7 Long Blades
 - Level 1.5 Armour
 - Level 2.4 Dodging


You had 8 spell levels left.
You didn't know any spells.
Your spell library was empty.

Dungeon Overview and Level Annotations

Branches:
Dungeon (7/15)             Temple (0/1) D:6          Bailey (1/1)

Altars:
The Shining One

Shops:
D:4 [   D:5 ?*:*   D:6 [


Innate Abilities, Weirdness & Mutations

Your mind is acute. (Int +4, Str/Dex -1)


Message History

You hit the orc warlord.
The orc warlord is heavily wounded.
You hit the orc warlord.
The orc warlord is heavily wounded.
You puncture the orc warlord!
The orc warlord is severely wounded.
You hit the orc warlord.
The orc warlord is severely wounded.
The orc warlord hits you with a +5 broad axe!!
You barely miss the orc warlord.
The orc warlord is severely wounded.
You barely miss the orc warlord.
The orc warlord is severely wounded.
You hit the orc warlord.
The orc warlord is severely wounded.
You hit the orc warlord.
The orc warlord is severely wounded.
The orc warlord hits you with a +5 broad axe!
You hit the orc warlord.
The orc warlord is severely wounded.
You hit the orc warlord but do no damage.
The orc warlord is severely wounded.
You hit the orc warlord but do no damage.
The orc warlord is severely wounded.
You hit the orc warlord.
The orc warlord is severely wounded.
You puncture the orc warlord!
The orc warlord is almost dead.
The orc warlord hits you with a +5 broad axe!!
* * * LOW HITPOINT WARNING * * *
You puncture the orc warlord!
The orc warlord is almost dead.
You barely miss the orc warlord.
The orc warlord is almost dead.
You hit the orc warlord.
The orc warlord is almost dead.
You barely miss the orc warlord.
The orc warlord is almost dead.
The orc warlord hits you with a +5 broad axe!!
You die...

##.....##.......##.....## ≈
##.......##~~~~~##...8...##≈
##..8..8...#~~~~~#.........##
#..........#~~~~(#)(........#
#..........'.))(('(...8..8..#
#...8......#########)(......#
##......####~~~#~~~##.)....##
##.....#~~#~.....)~#.....##.
##....#~..@.....?~#....##..
#...##~8.8o..8.8##....#...
#...)~~.........#.....'...
#...'~~....∩....#....('...
#...'~~.........#.....'...
#...##~8.8...8.8##....#...
##)...#~........!~#..)(##..
##.....#~~#~.....)~#...()##.
##...)..####~~~#~~~##......##


You could see an orc warlord.

Vanquished Creatures
  A cyclops (D:6)
  Jeremiah (D:7)
  Maggie (D:6)
  Grinder (D:6)
  A wyvern (D:6)
  A black bear (D:6)
  2 ice beasts
  5 orc warriors (Bailey)
  2 centaurs
  An ogre (D:5)
  A phantom (D:6)
  3 scorpions
  3 howler monkeys
  A bombardier beetle (D:4)
  Crazy Yiuf (D:2)
  2 hounds
  2 orc priests
  A gnoll bouda (D:5)
  Terence (D:2)
  3 iguanas
  An orc wizard (D:7)
  6 adders
  6 gnolls
  2 shadow imps (D:6)
  2 white imps (D:7)
  2 ufetubi (D:5)
  2 dart slugs
  A ribbon worm (D:2)
  19 orcs
  7 ball pythons
  3 bats
  6 endoplasms
  6 giant cockroaches (D:1)
  11 hobgoblins
  16 kobolds
  A quokka (D:4)
  3 frilled lizards
  10 goblins
  5 rats
143 creatures vanquished.

Notes
Turn   | Place    | Note
-------+----------+-------------------------------------------
     0 | D:1      | spaghetti the Deep Elf Berserker began the quest for the
                  | Orb.
     0 | D:1      | Reached XP level 1. HP: 13/13 MP: 3/3
    21 | D:1      | Reached skill level 3 in Long Blades
    24 | D:1      | Reached XP level 2. HP: 14/18 MP: 4/4
   377 | D:1      | Found a faded altar of an unknown god.
   384 | D:1      | Reached ** piety under Trog
   394 | D:1      | Reached XP level 3. HP: 19/22 MP: 5/5
   791 | D:1      | Reached skill level 4 in Long Blades
  1006 | D:2      | Noticed Terence
  1014 | D:2      | Killed Terence
  1084 | D:2      | Found a runed translucent door.
  1085 | D:2      | Noticed Crazy Yiuf
  1327 | D:2      | Reached XP level 4. HP: 27/27 MP: 6/6
  1328 | D:2      | Found a glowing golden altar of the Shining One.
  1454 | D:2      | Killed Crazy Yiuf
  1518 | D:3      | Reached skill level 5 in Long Blades
  2317 | D:3      | Gained mutation: Your mind is acute. (Int +4, Str/Dex -1)
                  | [potion of mutation]
  2368 | D:4      | Reached XP level 5. HP: 28/31 MP: 7/7
  2463 | D:4      | Found Demeaj's Antique Armour Shop.
  2521 | D:4      | Noticed an ice beast
  2532 | D:4      | Killed an ice beast
  2533 | D:4      | Reached skill level 6 in Long Blades
  2533 | D:4      | Reached XP level 6. HP: 22/36 MP: 8/8
  3545 | D:5      | Entered Level 5 of the Dungeon
  3963 | D:5      | Reached skill level 7 in Long Blades
  4259 | D:5      | Found Qyptok's Magic Scroll Boutique.
  4264 | D:5      | Found Kuligeah's Assorted Antiques.
  4267 | D:5      | Bought a scroll of blinking for 105 gold pieces
  4267 | D:5      | Bought a scroll of enchant weapon for 105 gold pieces
  4269 | D:5      | Found Aniqoth's Book Boutique.
  4270 | D:5      | Found Urahuasipi's Assorted Antiques.
  4289 | D:5      | Bought a blackened filigree amulet for 115 gold pieces
  4331 | D:5      | Reached XP level 7. HP: 19/40 MP: 9/9
  4954 | D:5      | Reached skill level 8 in Long Blades
  5181 | D:6      | Noticed Maggie
  5199 | D:6      | Killed Maggie
  5200 | D:6      | Reached skill level 9 in Long Blades
  5200 | D:6      | Reached XP level 8. HP: 11/45 MP: 10/10
  5320 | D:6      | Noticed a cyclops
  5323 | D:6      | Found Nearr's Armour Shop.
  5339 | D:6      | Killed a cyclops
  5340 | D:6      | Reached skill level 10 in Long Blades
  5594 | D:6      | Noticed Grinder
  5598 | D:6      | Found a staircase to the Ecumenical Temple.
  5605 | D:6      | Killed Grinder
  5606 | D:6      | Reached skill level 11 in Long Blades
  5610 | D:6      | Reached XP level 9. HP: 49/49 MP: 11/11
  6044 | D:7      | Noticed Jeremiah
  6128 | D:7      | Killed Jeremiah
  6129 | D:7      | Reached skill level 12 in Long Blades
  6277 | D:7      | Found a flagged portal.
  6302 | Bailey   | Entered a bailey
  6328 | Bailey   | Noticed an orc warlord
  6369 | Bailey   | Reached *** piety under Trog
  6665 | Bailey   | Found a runed translucent gate.
  6668 | Bailey   | Found a runed translucent gate.
  6669 | Bailey   | Found a runed translucent gate.
  6927 | Bailey   | Demolished by an orc warlord

Illustrated notes

Levels and vault maps discovered:
D:1:      wander_arrival_fairy_ring, layout_basic, basic_ecumenical_altar,
          minmay_misc_feat_pillars, minivault_26, corexii_corridor_pit,
          minmay_worlds_worst_comb
D:2:      layout_basic, basic_altar, minmay_misc_feat_alley, uniq_terence,
          uniq_crazy_yiuf_cottage
D:3:      layout_loops_corners
D:4:      layout_basic, serial_shops, nicolae_take_the_stairs
D:5:      layout_basic, minmay_tree_intersection, minmay_shop_grid_forest,
          kennysheep_small_square
D:6:      layout_gridville, minmay_temple_entry_trees, serial_shops,
          nicolae_shop_window_shopping, uniq_maggie, uniq_grinder
D:7:      layout_basic, mainiacjoe_overflow_alcove_2, lemuel_round_altar,
          enter_bailey_2, uniq_prince_ribbit1, uniq_jeremiah
Bailey:   bailey_axe_bossmonster_kennysheep, bailey

Skill      XL: |  1  2  3  4  5  6  7  8  9 |
---------------+----------------------------+-----
Long Blades    | 3 4 5 6 7 9 11 12 | 12.7
Fighting       | |  2.4
Armour         | |  1.5
Dodging        | |  2.4

Action                     |  1- 3 |  4- 6 |  7- 9 || total
---------------------------+-------+-------+-------++-------
  Melee: Falchion          |    86 |       |       ||    86
         Punch             |     2 |       |     4 ||     6
         Short sword       |     5 |   201 |   379 ||   585
 Invoke: Berserk           |     3 |     5 |    11 ||    19
         Trog's Hand       |       |       |     1 ||     1
  Evoke: Wand              |       |       |     4 ||     4
    Use: Potion            |       |     6 |     4 ||    10
         Scroll            |       |    11 |     2 ||    13
   Stab: Sleeping          |     2 |       |     1 ||     3
         Invisible         |       |     2 |       ||     2
 Armour: Animal skin       |    47 |    61 |    97 ||   205
  Dodge: Dodged            |    52 |    78 |   126 ||   256
